 Dungeon Crawl Stone Soup version 0.17-a0-1949-g1acca9a (webtiles) character file.

265 Rationalist the Skirmisher (level 5, -2/42 HPs)
             Began as a Demonspawn Berserker on Oct 2, 2015.
             Was a Priest of Trog.
             Slain by an ogre
             ... wielding a +0 giant club
              (13 damage)
             ... on level 4 of the Dungeon.
             The game lasted 00:07:11 (6198 turns).

Rationalist the Skirmisher (Demonspawn Berserker)   Turns: 6198, Time: 00:07:11

Health: -2/42      AC:  2    Str: 21    XL:     5   Next: 99%
Magic:  5/5        EV: 14    Int:  8    God:    Trog [***...]
Gold:   141        SH:  0    Dex: 15    Spells: 0 memorised, 4 levels left

rFire  . . .     SeeInvis .     a - +0 hand axe
rCold  . . .     Clarity  .     b - +0 animal skin
rNeg   . . .     SustAt   .     (no shield)
rPois  .         Gourm    .     (no helmet)
rElec  .         Spirit   .     (no cloak)
rCorr  .         Warding  .     (no gloves)
rMut   .         Stasis   .     (no boots)
MR     ++...                    (no amulet)
Stlth  ++........               (no ring)
                                y - +3 ring of strength

@: regenerating, very resistant to hostile enchantments, unstealthy
A: claws 2, thin skeletal structure 1
a: Burn Spellbooks, Berserk, Trog's Hand, Renounce Religion


You were on level 4 of the Dungeon.
You worshipped Trog.
Trog was most pleased with you.
You were hungry.

You visited 1 branch of the dungeon, and saw 4 of its levels.

You collected 141 gold pieces.

Inventory:

Hand weapons
 a - a +0 hand axe (weapon)
Missiles
 r - 20 sling bullets
 u - 8 poisoned needles
 v - 17 bolts
Armour
 b - a +0 animal skin (worn)
Jewellery
 y - a +3 ring of strength (left claw)
Scrolls
 d - 4 scrolls of identify {unknown}
 e - 3 scrolls of enchant weapon {unknown}
 h - a scroll of noise {unknown}
 j - 2 scrolls of blinking {unknown}
 k - 3 scrolls of teleportation {unknown}
 l - 2 scrolls of recharging {unknown}
 m - 2 scrolls of amnesia {unknown}
 n - 3 scrolls of remove curse {unknown}
 p - 2 scrolls of fear {unknown}
 s - a scroll of fog {unknown}
 x - a scroll of magic mapping {unknown}
Potions
 f - a potion of invisibility
 i - a potion of lignification {unknown}
 q - a potion of poison {unknown}
 t - a potion of mutation {unknown}
 w - a potion of heal wounds {unknown}
Comestibles
 c - 2 bread rations
 g - 2 meat rations
 o - a beef jerky


   Skills:
 + Level 4.1 Fighting
 + Level 3.7 Axes
 + Level 1.9 Armour
 + Level 4.0 Dodging
 + Level 1.0 Stealth


You had 4 spell levels left.
You didn't know any spells.

Dungeon Overview and Level Annotations

Branches:
Dungeon (4/15)
 Temple: D:4-7

Altars:
Ru


Innate Abilities, Weirdness & Mutations

You have very sharp fingernails.
You have a somewhat thin skeletal structure (Dex +2, Stealth).


Message History

The ogre shouts!
You hear a shout!
You hit the ogre but do no damage. The ogre completely misses you.
You hit the ogre.
The ogre is lightly wounded.
You closely miss the ogre.
The ogre is lightly wounded.
The ogre barely misses you.
You barely miss the ogre.
The ogre is lightly wounded.
The ogre hits you with a giant club!!
Ouch! That really hurt!
* * * LOW HITPOINT WARNING * * *
You hit the ogre.
The ogre is lightly wounded.
The ogre closely misses you.
Use which ability?
Your skin crawls.
You feel resistant to hostile enchantments.
You feel slightly more hungry. The ogre hits you with a giant club!
You die...

. # #####.###
.####.......
...........# #
#...#..#..#
#.##...#......
#.....@O..#..
#.####<........#
....##..##.##.##
#..........(..#
.##.###.##....#
# #.# #..# #<#
..# #.......#
#####..!#


You could see an ogre.

Vanquished Creatures
  A hound (D:3)
  9 adders
  4 gnolls (D:3)
  7 giant geckos
  3 orcs (D:3)
  6 ball pythons (D:2)
  9 bats
  7 giant cockroaches
  9 hobgoblins
  10 jackals
  2 quokkas
  4 giant newts
  12 goblins
  8 kobolds
  7 rats
98 creatures vanquished.

Notes
Turn   | Place    | Note
--------------------------------------------------------------
     0 | D:1      | Rationalist the Demonspawn Berserker began the quest for the Orb.
     0 | D:1      | Reached XP level 1. HP: 18/18 MP: 1/1
   410 | D:1      | Gained mutation: You have sharp fingernails. [demonic ancestry]
   410 | D:1      | Reached XP level 2. HP: 8/24 MP: 2/2
  1197 | D:1      | Gained mutation: You have a somewhat thin skeletal structure (Dex +2, Stealth). [demonic ancestry]
  1197 | D:1      | Reached XP level 3. HP: 29/29 MP: 3/3
  1290 | D:1      | Acquired Trog's second power
  2457 | D:2      | Reached XP level 4. HP: 13/35 MP: 4/4
  4507 | D:3      | Gained mutation: You have very sharp fingernails. [demonic ancestry]
  4507 | D:3      | Reached XP level 5. HP: 36/42 MP: 5/5
  4553 | D:3      | Found a sacrificial altar of Ru.
  4658 | D:3      | Reached skill level 4 in Fighting
  5583 | D:3      | Reached skill level 1 in Stealth
  6186 | D:4      | Noticed an ogre
  6198 | D:4      | Slain by an ogre

Vault maps used:
D:1:      scummos_arrival_forest, hangedman_abyss_or_decor_stabs,
          minmay_liquid_box, minmay_vboxes
D:2:      minmay_snake_closets
D:3:      roderic_roman_lattice, nicolae_ru_sacrificial_ziggurat
D:4:      first_bread, uniq_eustachio, uniq_menkaure

Action                   |  1- 3 |  4- 6 || total
-------------------------+-------+-------++-------
Melee: Hand axe          |   152 |   239 ||   391
Invok: Berserk           |     1 |     1 ||     2
       Trog's Hand       |       |     1 ||     1
  Use: Potion            |     3 |       ||     3
 Stab: Sleeping          |     3 |     5 ||     8
  Eat: Chunk             |     4 |    13 ||    17
       Fruit             |       |     2 ||     2
